 Dungeon Crawl Stone Soup version 0.27-a0-1136-g0b992a5a9d (webtiles) character file.

Game seed: 6815336248040332791

8 Morbidden the Skirmisher (level 2, 24/24 HPs)
             Began as a Demonspawn Fighter on May 5, 2021.
             Quit the game on level 1 of the Dungeon.
             The game lasted 00:00:22 (536 turns).

Morbidden the Skirmisher (Demonspawn Fighter)        Turns: 536, Time: 00:00:22

Health: 24/24      AC:  6    Str: 16    XL:     2   Next: 0%
Magic:  2/2        EV:  6    Int:  9    God:
Gold:   0          SH:  8    Dex: 12    Spells: 1/1 levels left

rFire    . . .     SeeInvis .   a - +0 long sword
rCold    . . .     Faith    .   c - +0 kite shield
rNeg     . . .     Spirit   .   b - +0 scale mail
rPois    .         Reflect  .   (helmet restricted)
rElec    .         Harm     .   (no cloak)
rCorr    .         Rampage  .   (no gloves)
Will     .....                  (no boots)
Stlth    ..........             (no amulet)
HPRegen  0.08/turn              (no ring)
MPRegen  0.08/turn              (no ring)

@: no status effects
A: antennae 1
a: no special abilities


You were on level 1 of the Dungeon.
You visited 1 branch of the dungeon, and saw 1 of its levels.

Inventory:

Hand Weapons
 a - a +0 long sword (weapon)
Armour
 b - a +0 scale mail (worn)
 c - a +0 kite shield (worn)
Scrolls
 f - 2 scrolls of silence {unknown}
 g - a scroll of noise {unknown}
 i - a scroll of vulnerability {unknown}
Potions
 d - a potion of might
 e - a potion of curing {unknown}
 h - a potion of lignification {unknown}


   Skills:
 * Level 3.4 Fighting
 * Level 1.9 Long Blades
 + Level 2.6 Armour
 + Level 2.7 Shields


You had one spell level left.
You didn't know any spells.
Your spell library was empty.

Dungeon Overview and Level Annotations

Branches:
Dungeon (1/15)

Altars:


Innate Abilities, Weirdness & Mutations

You have a pair of small antennae on your head.


Message History

No target in view!
h - a fuming purple potion No target in view!
There is a stone staircase leading down here.
i - a scroll labelled OSEDOPLUAMI A goblin comes into view.
It is wielding a +0 club.
The goblin shouts!
A goblin is nearby!
Your shield and scale mail prevent you from hitting the goblin.
The goblin hits you with a +0 club. The goblin barely misses you.
A goblin is nearby!
You closely miss the goblin. The goblin hits you with a +0 club.
A goblin is nearby!
A goblin is nearby!
You barely miss the goblin.
The goblin hits you but does no damage. x2
You hit the goblin.
You kill the goblin!
No target in view!
No target in view!
No target in view!
Things that are here:
a +0 club; a goblin corpse
Found a runed long sword.
No target in view!
You see here a +2 long sword of holy wrath.
There is an open door here.
There is an open door here.
Key pressed, stopping explore.
No target in view!
You open the door.
A ball python comes into view.
The ball python hisses angrily.
There is an open door here.
You slash the ball python!
You kill the ball python!
You have reached level 2!
Your demonic ancestry asserts itself...
A pair of antennae grows on your head!
Unknown command.
Are you sure you want to abandon this character and quit the game? (Confirm with "yes".)

####..#....##..##...#
.....................
######....##..##....
.. #.#########+###
####. #.# ##..^. #.#
#..... #.#
#....†###.#
#.....@...#
#.....##### .......
#######


There were no monsters in sight!

Vanquished Creatures
  2 goblins (D:1)
  2 jackals (D:1)
  3 ball pythons (D:1)
7 creatures vanquished.

Notes
Turn   | Place    | Note
-------+----------+-------------------------------------------
     0 | D:1      | Morbidden the Demonspawn Fighter began the quest for the
                  | Orb.
     0 | D:1      | Reached XP level 1. HP: 18/18 MP: 1/1
   536 | D:1      | Gained mutation: You have a pair of small antennae on your
                  | head. [demonic ancestry]
   536 | D:1      | Reached XP level 2. HP: 24/24 MP: 2/2
   536 | D:1      | Quit the game

Illustrated notes

Levels and vault maps discovered:
D:1:      dpeg_arrival_houses_and_road, layout_basic,
          hangedman_decor_peaks_small, ebering_dispersal_statue_hall,
          chequers_garden

Action                   || total
-------------------------++-------
Melee: Long sword        ||    21
Armor: Scale mail        ||     9
Dodge: Dodged            ||     9
Block: Kite shield       ||     8
       Rpst.: Long sword ||     1

Table legend: (Time is in decaauts)
 A = Elapsed time spent in this place.
 B = Non-inter-level travel time spent in this place.
 C = Inter-level travel time spent in this place.
 D = Time resting spent in this place.
 E = Time spent auto-exploring this place.
 F = Levels seen in this place.
 G = Mean time per level.
                   A        B        C        D        E       F      G
               +--------+--------+--------+--------+--------+-----+--------+
         Total |    547 |    547 |      0 |    195 |    285 |   1 |  547.0 |
       Dungeon |    547 |    547 |      0 |    195 |    285 |   1 |  547.0 |
               +--------+--------+--------+--------+--------+-----+--------+

Top non-repeatable levels by time:
     D:1: 547 daAuts
